 Dungeon Crawl Stone Soup version 0.17-a0-2215-g49c1de0 (webtiles) character file.

607513 septik the Conqueror (level 26, -4/266 HPs)
             Began as a Minotaur Gladiator on Oct 26, 2015.
             Was the Champion of Okawaru.
             Slain by a sixfirhy (7 damage)
             ... summoned by a deep elf high priest
             ... on level 3 of the Elven Halls on Oct 27, 2015.
             The game lasted 06:58:51 (86304 turns).

septik the Conqueror (Minotaur Gladiator)          Turns: 86304, Time: 06:58:56

Health: -4/266     AC:  2    Str: 21    XL:     26   Next: 66%
Magic:  41/41      EV: 33    Int:  5    God:    Okawaru [******]
Gold:   2165       SH:  0    Dex: 20    Spells: 1 memorised, 21 levels left

rFire  + . .     SeeInvis +     N - +9 lajatang (speed)
rCold  x . .     Clarity  +     (no armour)
rNeg   + . .     SustAt   .     (no shield)
rPois  +         Gourm    .     c - +2 hat {SInv}
rElec  +         Spirit   .     g - +0 cloak {+Inv}
rCorr  .         Warding  .     h - +2 pair of gloves {archery}
rMut   .         Stasis   .     q - +0 pair of boots {run}
MR     ++++.                    Y - amulet "Pogigusown" {Clar rN+ MR+}
Stlth  ++........               M - ring of poison resistance
                                K - ring of Okawaru's Castigation {Fire rElec MR++ MP+9 Dex-2}

@: corroded equipment, studying Invocations, quick, incredibly resistant to
hostile enchantments, unstealthy
A: retaliatory headbutt, horns 2, berserk 1, screaming 1, spit poison 1
a: Spit Poison, Heroism, Finesse, Renounce Religion, Evoke Invisibility
}: 3/15 runes: serpentine, barnacled, silver


You were on level 3 of the Elven Halls.
You worshipped Okawaru.
Okawaru was exalted by your worship.
You were hungry.

You visited 11 branches of the dungeon, and saw 53 of its levels.

You collected 7525 gold pieces.
You spent 5360 gold pieces at shops.

Inventory:

Hand Weapons
 L - the +8 dire flail "Eviscerator" {flame, rF+ MR+++ Int-2 Dex-4}
   (Okawaru gifted it to you on level 2 of the Snake Pit)

   It has been specially enchanted to burn those struck by it, causing extra
   injury to most foes and up to half again as much damage against particularly
   susceptible opponents.
   It affects your intelligence (-2).
   It affects your dexterity (-4).
   It protects you from fire.
   It affects your resistance to hostile enchantments.
 N - a +9 lajatang of speed (weapon)
Armour
 c - a +2 hat of see invisible (worn)
 g - a +0 cloak of invisibility (worn)
 h - a +2 pair of gloves of archery (worn)
 l - a +2 gold dragon armour
 p - a +2 pair of boots of flying
 q - a +0 pair of boots of running (worn)
 w - a +2 shield of reflection
 B - the +4 ice dragon armour of the Lute {*Corrode rElec rF- rC++ rN+ Str+3}
   (Okawaru gifted it to you on level 1 of the Elven Halls)

   It affects your strength (+3).
   It makes you vulnerable to fire.
   It greatly protects you from cold.
   It insulates you from electricity.
   It protects you from negative energy.
   It may corrode your equipment when you take damage.
 F - a +2 plate armour of fire resistance
 S - a +2 cloak of magic resistance
Jewellery
 f - an uncursed amulet of regeneration
 E - an uncursed ring of protection from magic
 K - the ring of Okawaru's Castigation (left hand) {Fire rElec MR++ MP+9 Dex-2}
   (You took it off an ogre mage on level 5 of the Vaults)

   [ring of fire]

   It enhances your fire magic, and weakens your ice magic.
   It affects your dexterity (-2).
   It protects you from fire.
   It makes you vulnerable to cold.
   It insulates you from electricity.
   It affects your resistance to hostile enchantments.
   It affects your magic capacity (+9).
 M - a ring of poison resistance (right hand)
 R - an uncursed ring of protection from fire
 V - the amulet of the Prince of Darkness {rCorr rElec Int+6 SInv}
   (You bought it in a shop on level 1 of the Elven Halls)

   [amulet of resist corrosion]

   It protects you from acid and corrosion.
   It affects your intelligence (+6).
   It insulates you from electricity.
   It lets you see invisible.
 Y - the amulet "Pogigusown" (around neck) {Clar rN+ MR+}
   (You took it off a yaktaur on level 5 of the Depths)

   [amulet of clarity]

   It provides mental clarity.
   It protects you from negative energy.
   It affects your resistance to hostile enchantments.
Wands
 x - a wand of teleportation (5)
 I - a wand of teleportation (2)
 O - a wand of digging (14)
Scrolls
 n - 8 scrolls of recharging
 r - 9 scrolls of amnesia
 t - 33 scrolls of identify
 u - 9 scrolls of remove curse
 y - a scroll of fear
 J - 13 scrolls of magic mapping
 T - 5 scrolls of immolation
 W - a scroll of summoning
 X - a scroll of teleportation
Potions
 d - 5 potions of cancellation
 j - 4 potions of agility
 m - 3 potions of invisibility
 o - 6 potions of might
 s - 11 potions of curing
 z - 2 potions of cure mutation
 A - a potion of flight
 C - a potion of brilliance
 Q - 3 potions of haste
 U - 2 potions of magic
 Z - a potion of resistance
Books
 v - a manual of Invocations
Miscellaneous
 k - a lantern of shadows
 P - a sack of spiders
Comestibles
 a - 2 chunks of flesh
 b - 17 royal jellies
 e - 14 bread rations
 i - 31 meat rations
 D - 9 slices of pizza
 G - 48 fruits
 H - 10 beef jerkies


   Skills:
 O Level 27 Fighting
 - Level 4.1(10.2) Maces & Flails
 - Level 14.0(14.2) Staves
 - Level 2.6 Throwing
 + Level 26.0 Armour
 + Level 23.7 Dodging
 - Level 2.4 Stealth
 - Level 15.3 Earth Magic
 - Level 13.8 Evocations


You had 21 spell levels left.
You knew the following spells:

 Your Spells              Type           Power        Failure   Level  Hunger
a - Leda's Liquefaction   Hex/Erth       #.........   24%         4    #####..


Dungeon Overview and Level Annotations

Branches:
Dungeon (15/15)            Temple (1/1) D:6            Lair (8/8) D:10
 Shoals (4/4) Lair:5        Snake (4/4) Lair:3        Slime (1/6) Lair:6
    Orc (4/4) D:11            Elf (3/3) Orc:3        Vaults (5/5) D:14
  Crypt (3/3) Vaults:3       Tomb (0/3) Crypt:3      Depths (5/5) D:15
    Zot (0/5) Depths:5

Altars:
Ashenzari
Cheibriados
Dithmenos
Elyvilon
Fedhas
Gozag
Kikubaaqudgha
Makhleb
Nemelex Xobeh
Okawaru
Qazlal
Ru
Sif Muna
Trog
Vehumet
Xom
Yredelemnul
Zin
The Shining One
Jiyva

Shops:
D:5 !   D:13 *   D:15 *   Orc:4 ?([!   Elf:1 :=   Elf:2 *   Shoals:1 *
Shoals:2 ?(%*!   Shoals:3 [   Vaults:1 *   Vaults:2 :   Vaults:5 *

Portals:
Hell: Depths:1 Depths:2 Depths:3 Depths:4 Depths:5
Abyss: Depths:4
Pandemonium: Depths:3 Depths:4
Ziggurat: Depths:3
Trove: D:13 (lose all piety)

Annotations:
D:2 Terence


Innate Abilities, Weirdness & Mutations

You reflexively headbutt those who attack you in melee.
You have a pair of horns on your head.
You tend to lose your temper in combat.
You occasionally shout uncontrollably at your foes.
You can spit weak poison.


Message History

The arrow of frost barely misses you.
The arrow of frost hits the hellwing!!
The arrow of frost freezes the hellwing!
Items here: ( ) [[ a dagger; a scale mail; a glowing scale mail {god gift}; an arrow The hellwing blocks your attack. x2
The hellwing is severely wounded.
The deep elf master archer shoots an arrow of frost.
The arrow of frost hits you!!
* * * LOW HITPOINT WARNING * * *
The arrow of frost freezes you!
* * * LOW HITPOINT WARNING * * *
Drink which item? (? for menu, Esc to quit)
You feel better. The sixfirhy barely misses you. You furiously retaliate!
You headbutt the sixfirhy!
The sixfirhy hits you but does no damage.
The sixfirhy completely misses you. The hellwing misses you.
The hellwing hits you.
* * * LOW HITPOINT WARNING * * *
The sixfirhy hits you!
You die...

.# #####.#
.#######...#.#
.............#
..####.......##
..............##
..##...........#
..##...........###
...#..[........44##
...#..........##@e##
...#.#.......####)e#
.....######### #4e#
...### #ee# .....#
#e4# #e.# #4.# #..#
....


You could see a deep elf master archer, a deep elf demonologist, an orange
demon, a deep elf knight, 3 deep elf high priests, a hellwing, 2 sixfirhies, a
red devil and a deep elf mage.

Vanquished Creatures
  Khufu (Crypt:3)
  An ancient lich (Vaults:5)
  Mara (Elf:3)
  A juggernaut (Depths:4)
  Boris (Crypt:2)
  9 caustic shrikes
  6 golden dragons
  Nikola (Vaults:3)
  The ghost of Barrydekale the Minotaur Cataclysm, an adept MiFi of Qazlal (Vaults:5)
  A bone dragon (Crypt:3)
  2 profane servitors
  5 liches
  6 tentacled monstrosities
  Asterion (D:15)
  3 quicksilver dragons
  3 krakens
  4 titans
  An acid blob (Lair:6)
  Polyphemus (Shoals:3)
  4 ancient champions
  3 sphinxes
  6 tengu reavers
  4 storm dragons
  Kirke (Snake:3)
  10 greater nagas
  12 shadow dragons
  A large abomination (Vaults:1)
  2 revenants
  Ilsuiw (Shoals:3)
  Wiglaf (Elf:3)
  Donald (Crypt:2)
  13 deep elf sorcerers
  10 fire giants
  An iron dragon (Vaults:5)
  17 vault wardens
  15 frost giants
  Aizul (Vaults:2)
  Louise (Snake:4)
  2 curse skulls (Crypt:2)
  5 ghouls
  A draconian shifter (Depths:5)
  A caustic shrike skeleton (Depths:1)
  4 spriggan defenders
  An orc warlord (Vaults:5)
  A draconian annihilator (Depths:2)
  25 stone giants
  10 very ugly things
  20 ironheart preservers
  2 war gargoyles (Vaults:5)
  10 vampire knights
  2 deep elf demonologists
  Nessos (Orc:3)
  A green draconian (Depths:5)
  8 deep elf annihilators
  A salamander stormcaller (Vaults:5)
  A red draconian (Depths:5)
  2 purple draconians (Depths:5)
  6 dire elephants (Lair:8)
  3 mottled draconians (Depths:5)
  4 eidola
  14 ettins
  11 deep elf death magi
  Snorg (Lair:8)
  2 merfolk javelineers (Shoals:4)
  12 fire dragons
  A blizzard demon (Depths:1)
  2 mummy priests (Crypt:3)
  8 merfolk impalers
  Josephine (D:15)
  4 entropy weavers
  3 deep elf high priests
  7 rakshasas
  The ghost of emiel the Unseen, a journeyman SpEn of Ashenzari (Orc:4)
  An ice dragon (Depths:4)
  A fire dragon (shapeshifter) (Vaults:5)
  32 vault guards
  24 jiangshi
  15 yaktaur captains
  9 great orbs of eyes
  9 spriggan air magi
  A catoblepas (Shoals:2)
  9 hydras
  13 naga warriors
  8 statues (Depths:2)
  Erica (Lair:1)
  3 death knights
  5 merfolk avatars
  A spectral fire giant (Crypt:3)
  14 dancing weapons (Elf:2)
  2 alligator snapping turtles
  15 deep troll shamans
  9 vampire magi
  27 anacondas
  6 centaur warriors
  5 merfolk aquamancers
  22 ogre magi
  A death yak (shapeshifter) (Depths:4)
  An alligator (shapeshifter) (Vaults:2)
  9 tengu warriors
  7 death yaks
  2 satyrs
  A titan zombie (Depths:3)
  10 deep troll earth magi
  19 hell knights
  2 sun demons (Depths:1)
  12 shock serpents
  12 naga sharpshooters
  Nergalle (Lair:1)
  4 iron trolls
  A soul eater (Depths:1)
  3 spriggan berserkers
  A queen ant (D:13)
  2 ice devils (Depths:1)
  17 skeletal warriors
  A storm dragon skeleton (Vaults:4)
  9 shadow wraiths
  A giant orange brain (Vaults:2)
  An unseen horror (D:15)
  A salamander mystic (Snake:4)
  9 flayed ghosts
  A fire crab (Vaults:2)
  6 deep elf summoners
  3 spriggan druids (Depths:3)
  18 deep elf knights
  A sea snake (shapeshifter) (Depths:4)
  34 deep trolls
  14 harpies
  16 sea snakes
  An obsidian statue (Depths:1)
  12 naga ritualists
  12 hill giants
  13 phantasmal warriors
  8 wizards
  12 ironbrand convokers
  A wolf spider zombie (Crypt:2)
  17 griffons
  An iron dragon zombie (Depths:3)
  An anubis guard (shapeshifter) (Vaults:3)
  14 orc knights
  5 orc sorcerers
  5 oklob plants
  9 necromancers
  3 hornets
  22 deep elf conjurers
  8 salamanders
  A salamander (shapeshifter) (Vaults:3)
  A spectral fire dragon (Crypt:3)
  A stone giant zombie (Vaults:4)
  A griffon (shapeshifter) (Vaults:5)
  A fire giant zombie (Crypt:1)
  45 ugly things
  3 wolf spiders
  14 manticores
  A hornet (shapeshifter) (Vaults:5)
  20 fauns
  3 water nymphs
  8 mana vipers
  A faun (shapeshifter) (Elf:1)
  18 elephants
  40 black mambas
  A human skeleton (Vaults:4)
  8 cyclopes
  A glowing shapeshifter (Vaults:5)
  2 fire giant skeletons
  Maurice (Orc:2)
  2 stone giant skeletons
  2 guardian serpents (shapeshifter)
  A spriggan zombie (Depths:3)
  8 sirens
  10 vault sentinels
  20 naga magi
  A torpor snail (Lair:3)
  A moth of wrath (shapeshifter) (Elf:1)
  4 orange demons (Depths:1)
  An eye of devastation (shapeshifter) (Vaults:5)
  51 yaktaurs
  15 guardian serpents
  A yaktaur zombie (Depths:1)
  14 spiny frogs
  A mottled draconian zombie (Crypt:2)
  A yaktaur (shapeshifter) (D:14)
  4 kobold demonologists
  7 komodo dragons
  A redback zombie (Crypt:1)
  8 tengu conjurers
  A spriggan skeleton (Depths:1)
  6 fire drakes
  A black draconian skeleton (Crypt:1)
  7 guardian mummies (Crypt:3)
  20 deep elf priests
  3 jumping spiders (Depths:2)
  3 blue devils (Depths:1)
  An entropy weaver zombie (Depths:1)
  A hydra zombie (Crypt:3)
  22 merfolk
  A merfolk (shapeshifter) (Vaults:5)
  A queen bee (Lair:5)
  11 freezing wraiths
  A wind drake (Shoals:1)
  A queen bee (shapeshifter) (Vaults:5)
  2 blink frogs (shapeshifter)
  15 snapping turtles
  28 two-headed ogres
  2 polar bears (Lair:4)
  A wind drake (shapeshifter) (Vaults:1)
  27 slime creatures
  Prince Ribbit (D:7)
  A harpy skeleton (D:15)
  3 boulder beetles
  19 trolls
  16 blink frogs
  A boulder beetle (shapeshifter) (Vaults:2)
  69 flying skulls
  A griffon skeleton (Crypt:1)
  3 fire dragon skeletons
  A hippogriff (shapeshifter) (Vaults:5)
  38 deep elf magi
  5 shadows
  A snapping turtle (shapeshifter) (Vaults:5)
  A trapdoor spider (Depths:1)
  6 basilisks
  A tarantella (Depths:2)
  14 air elementals
  3 hungry ghosts
  A black mamba zombie (Crypt:1)
  5 redbacks
  13 spriggans
  19 water elementals
  A wyvern (shapeshifter) (Depths:4)
  2 vampires (Crypt:2)
  An ettin skeleton (Crypt:1)
  An ice dragon skeleton (Depths:1)
  10 wraiths
  42 deep elf fighters
  39 yaks
  3 fire elementals (D:11)
  9 hippogriffs
  Grum (Lair:1)
  A hog (shapeshifter) (D:13)
  A hill giant skeleton (Crypt:2)
  A yaktaur simulacrum (Vaults:3)
  31 wolves
  2 wargs
  A faun zombie (Crypt:1)
  2 hogs (Snake:3)
  14 porcupines
  A soldier ant (shapeshifter) (Vaults:2)
  21 vampire mosquitoes
  12 soldier ants (D:13)
  21 water moccasins
  2 mottled dragons
  66 nagas
  3 ice beasts
  3 sky beasts
  29 orc warriors
  4 black bears
  4 small abominations
  2 eyes of draining (D:11)
  4 wasps
  An ettin simulacrum (Depths:1)
  95 ogres
  8 boggarts
  6 necrophages
  15 crocodiles
  15 centaurs
  A fire crab zombie (Crypt:1)
  2 big kobolds
  A spider zombie (Crypt:1)
  A salamander skeleton (Crypt:2)
  5 scorpions
  18 giant frogs
  A gnoll sergeant (D:12)
  A wyvern skeleton (D:13)
  2 water moccasin skeletons
  20 wights
  38 killer bees
  A yak skeleton (Crypt:1)
  9 electric eels
  A black bear zombie (Crypt:2)
  14 crimson imps
  5 centaur skeletons
  6 giant frog zombies
  10 jellies
  A two-headed ogre zombie (Crypt:2)
  2 quasits
  6 centaur zombies
  Crazy Yiuf (D:7)
  35 orc priests
  3 hounds
  An iron imp (Depths:1)
  26 orc wizards
  2 giant frog skeletons
  45 worker ants
  6 iguanas
  A killer bee zombie (D:6)
  7 hell rats (Lair:6)
  18 sheep
  A hound zombie (D:9)
  2 hound skeletons
  Robin (D:3)
  25 adders
  3 gnolls (D:12)
  15 white imps
  52 river rats
  5 shadow imps
  3 adder skeletons
  5 oozes (D:8)
  5 worms
  2 giant geckos
  232 orcs
  4 bats
  3 giant cockroaches
  15 hobgoblins
  6 jackals
  6 quokkas
  A ball python (D:5)
  A ball python zombie (D:5)
  8 giant newts
  13 goblins
  11 kobolds
  A quokka skeleton (D:7)
  3 rats (D:1)
  2 rat skeletons
  5 crawling corpses
  A fire vortex (Depths:2)
  2 fungi
  7 plants
  A tentacle (Shoals:3)
2833 creatures vanquished.

Vanquished Creatures (others)
  2 fire giants
  An ironheart preserver (Vaults:1)
  A draconian annihilator (Depths:5)
  A stone giant (Vaults:2)
  A centaur warrior (Depths:1)
  An ogre mage (Vaults:3)
  A deep elf knight (Vaults:2)
  A wizard (Depths:2)
  A necromancer (Vaults:3)
  2 deep elf conjurers
  A cyclops (Vaults:1)
  A guardian serpent (Snake:4)
  A deep elf mage (Vaults:1)
  A human (Snake:3)
  3 deep elf fighters
  A naga (Snake:3)
  An eye of draining (shapeshifter) (Vaults:3)
  An orc (Vaults:3)
  A quokka (D:15)
  22 fungi
  2 lost souls (Crypt:3)
  12 plants
  13 tentacles
  110 tentacle segments
182 creatures vanquished.

Grand Total: 3015 creatures vanquished

Notes
Turn   | Place    | Note
--------------------------------------------------------------
     0 | D:1      | septik the Minotaur Gladiator began the quest for the Orb.
     0 | D:1      | Reached XP level 1. HP: 18/18 MP: 0/0
    96 | D:1      | Reached skill level 4 in Staves
    96 | D:1      | Reached XP level 2. HP: 25/25 MP: 1/1
   401 | D:2      | Noticed Terence
   457 | D:2      | Reached XP level 3. HP: 24/30 MP: 2/2
   576 | D:2      | HP: 1/30 [poisoned by an adder]
  1115 | D:2      | Reached XP level 4. HP: 17/37 MP: 3/3
  1425 | D:2      | Found a glowing golden altar of the Shining One.
  1522 | D:2      | Found a sacrificial altar of Ru.
  2247 | D:3      | Reached skill level 1 in Armour
  2344 | D:3      | Noticed Robin
  2477 | D:3      | Killed Robin
  3075 | D:4      | Noticed a centaur
  3080 | D:4      | Killed a centaur
  3080 | D:4      | Reached skill level 5 in Staves
  3080 | D:4      | Reached XP level 5. HP: 40/45 MP: 4/4
  3193 | D:4      | Reached XP level 6. HP: 31/52 MP: 5/5
  3203 | D:4      | Reached skill level 5 in Dodging
  3735 | D:5      | Entered Level 5 of the Dungeon
  3777 | D:5      | Reached skill level 6 in Staves
  3777 | D:5      | Reached XP level 7. HP: 54/59 MP: 6/6
  3789 | D:5      | Found a shadowy altar of Dithmenos.
  3842 | D:5      | Found Ivoxziwoige's Distillery.
  3848 | D:5      | Bought a potion of heal wounds for 75 gold pieces
  3848 | D:5      | Bought a potion of curing for 45 gold pieces
  4058 | D:5      | Noticed a water moccasin
  4067 | D:5      | Killed a water moccasin
  4067 | D:5      | Reached skill level 5 in Fighting
  4316 | D:5      | Got a dazzling dire flail
  4317 | D:5      | Identified the +6 dire flail of Hetoweifro {antimagic, Int+2} (You found it on level 5 of the Dungeon)
  4441 | D:5      | Found a stormy altar of Qazlal.
  4444 | D:5      | Found a blossoming altar of Fedhas.
  4447 | D:5      | Found a shimmering altar of Xom.
  4925 | D:6      | Found a staircase to the Ecumenical Temple.
  4934 | Temple   | Entered the Ecumenical Temple
  5103 | Temple   | Became a worshipper of Warmaster Okawaru
  5141 | D:6      | Reached skill level 1 in Maces & Flails
  5141 | D:6      | Reached skill level 1 in Stealth
  5141 | D:6      | Reached XP level 8. HP: 61/68 MP: 2/7
  5259 | D:6      | Found a deep blue altar of Sif Muna.
  5513 | D:4      | Reached skill level 5 in Armour
  5624 | D:5      | Reached skill level 7 in Staves
  5969 | D:6      | Reached * piety under Okawaru
  6369 | D:7      | Noticed Crazy Yiuf
  6374 | D:7      | Killed Crazy Yiuf
  6562 | D:7      | Noticed Prince Ribbit
  6573 | D:7      | Killed Prince Ribbit
  6609 | D:7      | Reached ** piety under Okawaru
  6609 | D:7      | Reached XP level 9. HP: 75/77 MP: 8/8
  6778 | D:7      | Noticed a troll
  7145 | D:7      | Found a bloodstained altar of Trog.
  7259 | D:7      | Reached skill level 8 in Staves
  8025 | D:8      | Noticed a manticore
  8033 | D:8      | Killed a manticore
  8033 | D:8      | Reached *** piety under Okawaru
  8033 | D:8      | Reached skill level 9 in Staves
  8621 | D:9      | Reached XP level 10. HP: 88/88 MP: 9/9
  8881 | D:9      | Reached skill level 10 in Staves
  9113 | D:9      | Reached **** piety under Okawaru
  9232 | D:9      | You fall through a shaft for 2 floors!
  9232 | D:11     | Noticed a red ugly thing
  9232 | D:11     | Noticed a cyclops
  9237 | D:10     | Entered Level 10 of the Dungeon
  9269 | D:10     | Noticed a hill giant
  9319 | D:10     | Killed a hill giant
  9319 | D:10     | Reached skill level 11 in Staves
  9342 | D:10     | Found a staircase to the Lair.
  9346 | D:10     | HP: 2/88 [fire drake (4)]
  9524 | D:10     | Noticed a manticore
  9534 | D:10     | Killed a manticore
  9695 | D:10     | Reached skill level 12 in Staves
  9869 | D:10     | Received a gift from Okawaru
 10382 | D:10     | Noticed a hill giant
 10388 | D:10     | Killed a hill giant
 10388 | D:10     | Reached skill level 13 in Staves
 10481 | Lair:1   | Entered Level 1 of the Lair of Beasts
 10492 | Lair:1   | Noticed a seven-headed hydra
 10502 | Lair:1   | Killed a seven-headed hydra
 10518 | Lair:1   | Noticed Nergalle
 10528 | Lair:1   | Killed Nergalle
 10528 | Lair:1   | Reached skill level 14 in Staves
 10528 | Lair:1   | Reached XP level 11. HP: 85/93 MP: 8/10
 10652 | Lair:1   | Noticed Grum
 10659 | Lair:1   | Reached ***** piety under Okawaru
 10665 | Lair:1   | Killed Grum
 10739 | Lair:1   | Noticed a four-headed hydra
 10748 | Lair:1   | Killed a four-headed hydra
 10748 | Lair:1   | Received a gift from Okawaru
 10748 | Lair:1   | Reached skill level 10 in Armour
 10942 | Lair:1   | Noticed Erica
 10965 | Lair:1   | Killed Erica
 11824 | Lair:1   | Reached skill level 10 in Fighting
 12210 | Lair:2   | Received a gift from Okawaru
 12465 | Lair:2   | Reached XP level 12. HP: 89/110 MP: 11/11
 13055 | Lair:3   | Found a staircase to the Snake Pit.
 15157 | Lair:4   | Reached skill level 10 in Dodging
 15550 | Lair:4   | Reached ****** piety under Okawaru
 15751 | Lair:5   | Received a gift from Okawaru
 15751 | Lair:5   | Reached XP level 13. HP: 110/123 MP: 12/12
 15754 | Lair:5   | Found a staircase to the Shoals.
 15760 | Lair:5   | Got a crystal quarterstaff {god gift}
 15761 | Lair:5   | Identified the +8 quarterstaff of Wimud {speed, rN+} (Okawaru gifted it to you on level 5 of the Lair of Beasts)
 17184 | D:6      | Killed a troll
 17966 | Lair:6   | Received a gift from Okawaru
 18476 | Lair:6   | Found a runed door.
 18478 | Lair:6   | Found a viscous altar of Jiyva.
 18479 | Lair:6   | Noticed an acid blob
 18479 | Lair:6   | Found a staircase to the Slime Pits.
 18495 | Lair:6   | Killed an acid blob
 18495 | Lair:6   | Reached skill level 15 in Fighting
 18934 | Slime:1  | Entered Level 1 of the Pits of Slime
 18934 | Slime:1  | Noticed an acid blob
 19098 | Lair:7   | Received a gift from Okawaru
 19779 | Lair:8   | Entered Level 8 of the Lair of Beasts
 19874 | Lair:8   | Received a gift from Okawaru
 19958 | Lair:8   | Reached skill level 16 in Fighting
 19965 | Lair:8   | Noticed a dire elephant
 19965 | Lair:8   | Noticed a dire elephant
 19991 | Lair:8   | Killed a dire elephant
 19991 | Lair:8   | Reached XP level 14. HP: 108/137 MP: 7/13
 20005 | Lair:8   | Killed a dire elephant
 20111 | Lair:8   | Noticed a dire elephant
 20113 | Lair:8   | Noticed a dire elephant
 20129 | Lair:8   | Killed a dire elephant
 20144 | Lair:8   | Killed a dire elephant
 20175 | Lair:8   | Noticed a dire elephant
 20311 | Lair:8   | Noticed Snorg
 20331 | Lair:8   | Killed Snorg
 20611 | Lair:8   | Killed a dire elephant
 20836 | Lair:8   | Noticed a dire elephant
 20853 | Lair:8   | Killed a dire elephant
 21737 | D:11     | Killed a cyclops
 21822 | D:11     | Reached skill level 17 in Fighting
 21873 | D:11     | Killed a red ugly thing
 21985 | D:11     | Noticed a hill giant
 21992 | D:11     | Killed a hill giant
 22016 | D:11     | Found a staircase to the Orcish Mines.
 22501 | D:11     | Noticed a hill giant
 22510 | D:11     | Killed a hill giant
 22511 | D:11     | Noticed a white ugly thing
 22521 | D:11     | Killed a white ugly thing
 22697 | D:11     | Noticed a wizard
 22699 | D:11     | Noticed a wizard
 22707 | D:11     | Killed a wizard
 22709 | D:11     | Killed a wizard
 22824 | D:11     | Identified the Collected Works on Darkness (You found it on level 11 of the Dungeon)
 22980 | Orc:1    | Entered Level 1 of the Orcish Mines
 23878 | Orc:3    | Found a staircase to the Elven Halls.
 23884 | Orc:3    | Noticed Nessos
 23916 | Orc:2    | Noticed Maurice
 24399 | Orc:3    | Killed Nessos
 24399 | Orc:3    | Received a gift from Okawaru
 25105 | Orc:2    | Killed Maurice
 25262 | Orc:4    | Entered Level 4 of the Orcish Mines
 25546 | Orc:4    | Noticed emiel's ghost (journeyman SpEn)
 25577 | Orc:4    | Killed emiel's ghost
 25577 | Orc:4    | Received a gift from Okawaru
 25624 | Orc:4    | Found Cenaitoo's Magic Scroll Shoppe.
 25721 | Orc:3    | Reached skill level 18 in Fighting
 25917 | Orc:3    | Reached skill level 15 in Armour
 25917 | Orc:3    | Reached XP level 15. HP: 53/149 MP: 4/14
 26307 | Orc:4    | Found Sush's Antique Weapon Shoppe.
 26312 | Orc:4    | Found Caups's Armour Shop.
 26334 | Orc:4    | Found Linefoal's Distillery.
 26337 | Orc:4    | Bought a +2 plate armour of poison resistance for 592 gold pieces
 26884 | D:12     | Gained mutation: Your skin changes colour to match your surroundings (Stealth). [potion of beneficial mutation]
 26885 | D:12     | Gained mutation: Your muscles are strong. (Str +2) [potion of beneficial mutation]
 26886 | D:12     | Gained mutation: You can spit weak poison. [potion of beneficial mutation]
 28865 | D:13     | Received a gift from Okawaru
 28868 | D:13     | Got a slimy quarterstaff {god gift}
 28869 | D:13     | Identified the +1 quarterstaff of Qiloqib {elec, rC+ MP+9 Int-3 Stlth+} (Okawaru gifted it to you on level 13 of the Dungeon)
 28875 | D:13     | Found Banem's Assorted Antiques.
 28899 | D:13     | Bought a scroll labeled OGOHIN KUUT for 40 gold pieces
 29098 | D:13     | Found a portal to a secret trove of treasure.
 29956 | D:14     | Found a gate to the Vaults.
 30245 | D:15     | Entered Level 15 of the Dungeon
 30339 | D:15     | Found Kioratem's General Store.
 30398 | D:15     | Reached skill level 19 in Fighting
 30422 | D:15     | Noticed Josephine
 30437 | D:15     | Killed Josephine
 30823 | D:15     | Received a gift from Okawaru
 30844 | D:15     | Got a pitted quarterstaff {god gift}
 30846 | D:15     | Identified the +7 quarterstaff of the Dozen Nights {elec, MP+9 Int+5} (Okawaru gifted it to you on level 15 of the Dungeon)
 31081 | D:15     | Found a white marble altar of Elyvilon.
 31670 | D:15     | Found a staircase to the Depths.
 32776 | Snake:1  | Entered Level 1 of the Snake Pit
 32782 | Snake:1  | Reached XP level 16. HP: 113/162 MP: 12/15
 32950 | Snake:1  | Received a gift from Okawaru
 34292 | Snake:1  | Reached skill level 20 in Fighting
 35696 | Snake:2  | Received a gift from Okawaru
 35696 | Snake:2  | Reached skill level 15 in Dodging
 35704 | Snake:2  | Got a brightly glowing dire flail {god gift}
 35705 | Snake:2  | Identified the +8 dire flail "Eviscerator" {flame, rF+ MR+++ Int-2 Dex-4} (Okawaru gifted it to you on level 2 of the Snake Pit)
 36346 | Snake:2  | Reached skill level 21 in Fighting
 36965 | Snake:3  | Noticed Kirke
 36977 | Snake:3  | Killed Kirke
 37405 | Snake:3  | Received a gift from Okawaru
 37405 | Snake:3  | Reached XP level 17. HP: 165/173 MP: 14/16
 38506 | Snake:4  | Entered Level 4 of the Snake Pit
 38936 | Snake:4  | Noticed Louise
 38949 | Snake:4  | Killed Louise
 39008 | Snake:4  | Received a gift from Okawaru
 39420 | Orc:4    | Bought a scroll of enchant weapon for 127 gold pieces
 39888 | Snake:4  | Reached skill level 22 in Fighting
 40548 | Snake:4  | Received a gift from Okawaru
 41166 | Snake:4  | Got a serpentine rune of Zot
 41212 | Snake:4  | Reached XP level 18. HP: 187/187 MP: 17/17
 41518 | Elf:1    | Entered Level 1 of the Elven Halls
 41810 | Elf:1    | Found Kaupni's Jewellery Shop.
 41816 | Elf:1    | Bought the amulet of the Prince of Darkness {rCorr rElec Int+6 SInv} for 711 gold pieces
 41936 | Elf:1    | Found Haeng's Book Emporium.
 41949 | Elf:1    | Bought a book of the Earth for 1040 gold pieces
 41958 | Elf:1    | Learned a level 4 spell: Leda's Liquefaction
 42150 | Elf:1    | Reached skill level 1 in Earth Magic
 42302 | Elf:1    | Gained mutation: You are frail (-10% HP). [a shining eye]
 42303 | Elf:1    | Gained mutation: Your spells are a little easier to cast, but a little less powerful. [a shining eye]
 42421 | Elf:1    | Received a gift from Okawaru
 42433 | Elf:1    | Got a brightly glowing ice dragon armour {god gift}
 42439 | Elf:1    | Identified the +4 ice dragon armour of the Lute {*Corrode rElec rF- rC++ rN+ Str+3} (Okawaru gifted it to you on level 1 of the Elven Halls)
 42770 | Elf:2    | Found an ancient bone altar of Kikubaaqudgha.
 42828 | Elf:2    | Found Atuuw's Assorted Antiques.
 42844 | Elf:2    | Bought a transparent iron ring for 130 gold pieces
 42844 | Elf:2    | Bought a potion of heal wounds for 130 gold pieces
 42855 | Elf:2    | Identified the ring of Reimbursement {Fire Dex+3} (You bought it in a shop on level 2 of the Elven Halls)
 42995 | Elf:2    | Found a huge runed gate.
 42995 | Elf:2    | Found a huge runed gate.
 42996 | Elf:2    | Found a huge runed gate.
 42996 | Elf:2    | Found a huge runed gate.
 42996 | Elf:2    | Found a huge runed gate.
 43493 | Shoals:1 | Entered Level 1 of the Shoals
 43501 | Shoals:1 | Reached skill level 1 in Evocations
 44127 | Shoals:1 | Found Xorameog's General Store.
 44133 | Shoals:1 | Reached skill level 23 in Fighting
 44782 | Shoals:2 | Got a translucent scale mail
 44793 | Shoals:2 | Identified the cursed +0 scale mail "Ijenigiwk" {rF+ MR+ rCorr} (You found it on level 2 of the Shoals)
 44820 | Shoals:2 | Found Zifeuta's Distillery.
 44855 | Shoals:2 | Found Uwkoeh's Assorted Antiques.
 44858 | Shoals:2 | Bought a potion of heal wounds for 75 gold pieces
 44858 | Shoals:2 | Bought a potion of beneficial mutation for 525 gold pieces
 44864 | Shoals:2 | Gained mutation: Your flesh is cold resistant. [potion of beneficial mutation]
 45312 | Shoals:2 | Found Plog's Magic Scroll Shop.
 45385 | Shoals:2 | Found Enwaj's Food Shop.
 45896 | Shoals:2 | Found Edesitz's Weapon Boutique.
 46272 | Shoals:3 | Noticed Polyphemus
 46487 | Shoals:2 | Received a gift from Okawaru
 46501 | Shoals:2 | Reached skill level 5 in Earth Magic
 46756 | Shoals:3 | Killed Polyphemus
 46823 | Shoals:3 | Noticed Ilsuiw
 47118 | Shoals:3 | Killed Ilsuiw
 47235 | Shoals:3 | Found Nunuz's Antique Armour Emporium.
 47620 | Elf:1    | Bought an uncursed ring of poison resistance for 280 gold pieces
 48371 | Shoals:3 | Reached skill level 5 in Evocations
 48621 | Shoals:4 | Entered Level 4 of the Shoals
 48649 | Shoals:3 | Reached XP level 19. HP: 118/175 MP: 15/21
 48915 | Shoals:3 | Received a gift from Okawaru
 50381 | Shoals:4 | Got a barnacled rune of Zot
 52334 | Depths:1 | Entered Level 1 of the Depths
 52464 | Depths:1 | Received a gift from Okawaru
 52799 | Depths:1 | Noticed Asterion
 52823 | D:15     | Killed Asterion
 53553 | Depths:1 | Found a snail-covered altar of Cheibriados.
 53703 | Depths:1 | Received a gift from Okawaru
 53719 | Depths:1 | Got a sheer robe {god gift}
 53730 | Depths:1 | Identified the +1 robe of Free Expression {Str+4 Slay+3} (Okawaru gifted it to you on level 1 of the Depths)
 54302 | Depths:1 | Got a translucent quarterstaff {drain}
 54303 | Depths:1 | Identified the +7 quarterstaff "Paceat Xamp" {drain, rElec rN+++ Dex-3} (You took it off a crimson imp on level 1 of the Depths)
 54317 | Depths:1 | Found a gateway to Hell.
 54809 | Depths:2 | Reached XP level 20. HP: 183/183 MP: 25/25
 54848 | Depths:2 | Paralysed by a wizard for 7 turns
 55058 | Depths:2 | Paralysed by a great orb of eyes for 7 turns
 55390 | Depths:2 | Paralysed by a great orb of eyes for 3 turns
 55423 | Depths:2 | Found a runed door.
 55976 | Depths:2 | Received a gift from Okawaru
 56537 | Depths:3 | Noticed a caustic shrike
 56544 | Depths:3 | Killed a caustic shrike
 56595 | Depths:3 | Reached skill level 24 in Fighting
 57014 | Depths:3 | Found a gateway to a ziggurat.
 57194 | Depths:3 | Received a gift from Okawaru
 57261 | Depths:3 | Found a runed door.
 57264 | Depths:3 | Noticed a golden dragon
 57373 | Depths:3 | Reached skill level 10 in Evocations
 57400 | Depths:3 | Killed a golden dragon
 57400 | Depths:3 | Received a gift from Okawaru
 58624 | Depths:3 | Reached XP level 21. HP: 121/192 MP: 18/27
 59178 | Depths:3 | Found a one-way gate leading to the halls of Pandemonium.
 59455 | Depths:4 | Reached skill level 10 in Earth Magic
 59458 | Depths:4 | Noticed a caustic shrike
 59460 | Depths:4 | Noticed a caustic shrike
 59461 | Depths:4 | Noticed a caustic shrike
 59500 | Depths:3 | Killed a caustic shrike
 59745 | Depths:3 | Killed a caustic shrike
 60280 | Depths:4 | Received a gift from Okawaru
 60468 | Depths:4 | Noticed a juggernaut
 60496 | Depths:4 | Killed a juggernaut
 60972 | Depths:4 | Got an ichor-stained chain mail
 60983 | Depths:4 | Identified the cursed +0 chain mail "Dosuo" {MR- Str+5 Slay+2} (You took it off a rakshasa on level 4 of the Depths)
 61193 | Depths:4 | Noticed a caustic shrike
 61199 | Depths:4 | Noticed a caustic shrike
 61205 | Depths:4 | Killed a caustic shrike
 61211 | Depths:4 | Killed a caustic shrike
 61216 | Depths:4 | Identified a scroll of acquirement
 61232 | Depths:4 | Received a gift from Okawaru
 61269 | Depths:4 | Identified a +9 rod of destruction (10/10) (You acquired it on level 4 of the Depths)
 61289 | Depths:4 | Noticed a caustic shrike
 61305 | Depths:4 | Killed a caustic shrike
 61315 | Depths:4 | Killed a caustic shrike
 61319 | Depths:4 | Noticed a caustic shrike
 61329 | Depths:4 | Killed a caustic shrike
 61904 | Depths:4 | Received a gift from Okawaru
 61908 | Depths:4 | Got a pitted animal skin {god gift}
 61919 | Depths:4 | Identified the +0 animal skin of Fociet {Stlth+} (Okawaru gifted it to you on level 4 of the Depths)
 62038 | Depths:4 | Noticed a caustic shrike
 62040 | Depths:4 | Reached XP level 22. HP: 168/201 MP: 27/29
 62055 | Depths:4 | Killed a caustic shrike
 62055 | Depths:4 | Reached skill level 25 in Fighting
 62126 | Depths:4 | Found a one-way gate to the infinite horrors of the Abyss.
 62228 | Depths:4 | Got a smoking quarterstaff {god gift}
 62229 | Depths:4 | Identified the +1 quarterstaff of Zuchofyil {freeze, +Rage MP+9 Str-2 Int+3} (Okawaru gifted it to you on level 4 of the Depths)
 62754 | Depths:4 | Lost mutation: Your muscles are strong. (Str +2) [potion of cure mutation]
 62754 | Depths:4 | Lost mutation: You can spit weak poison. [potion of cure mutation]
 62754 | Depths:4 | Lost mutation: Your spells are a little easier to cast, but a little less powerful. [potion of cure mutation]
 62754 | Depths:4 | Lost mutation: You are frail (-10% HP). [potion of cure mutation]
 62754 | Depths:4 | Lost mutation: Your flesh is cold resistant. [potion of cure mutation]
 62754 | Depths:4 | Lost mutation: Your skin changes colour to match your surroundings (Stealth). [potion of cure mutation]
 63811 | Vaults:1 | Entered Level 1 of the Vaults
 64393 | Vaults:1 | Received a gift from Okawaru
 64602 | Vaults:1 | Gained mutation: You can spit weak poison. [mutagenic meat]
 64729 | Vaults:1 | Found Wuuf's Assorted Antiques.
 65218 | Vaults:2 | Gained mutation: You tend to lose your temper in combat. [mutagenic meat]
 65280 | Vaults:2 | Received a gift from Okawaru
 65868 | Vaults:2 | Noticed Aizul
 65889 | Vaults:2 | Killed Aizul
 66354 | Vaults:2 | Found Uxzyrak's Book Shoppe.
 66550 | Vaults:2 | Upgraded the game from 0.17-a0-2208-ge5ab1d3 to 0.17-a0-2215-g49c1de0
 67640 | Elf:2    | Received a gift from Okawaru
 68226 | Vaults:3 | Noticed Nikola
 68238 | Vaults:3 | Killed Nikola
 68238 | Vaults:3 | Reached XP level 23. HP: 225/236 MP: 27/31
 68768 | Vaults:3 | Found a staircase to the Crypt.
 69513 | Vaults:3 | Reached skill level 26 in Fighting
 70131 | Vaults:4 | Received a gift from Okawaru
 70212 | Vaults:4 | Got a polished mace {god gift}
 70215 | Vaults:4 | Identified the +8 mace "Ypoaly" {drain, +Rage rPois Int+2 SInv} (Okawaru gifted it to you on level 4 of the Vaults)
 70475 | Vaults:4 | Paralysed by an ogre mage for 5 turns
 71561 | Shoals:2 | Bought a scroll of blinking for 120 gold pieces
 71611 | Shoals:2 | Bought a potion of haste for 150 gold pieces
 72364 | Orc:4    | Bought a potion of haste for 150 gold pieces
 72364 | Orc:4    | Bought 2 potions of cure mutation for 1050 gold pieces
 72829 | Vaults:5 | Entered Level 5 of the Vaults
 72829 | Vaults:5 | Noticed Barrydekale's ghost (adept MiFi)
 72860 | Vaults:5 | Received a gift from Okawaru
 72861 | Vaults:5 | Killed Barrydekale's ghost
 72861 | Vaults:5 | Received a gift from Okawaru
 72861 | Vaults:5 | Received a gift from Okawaru
 73051 | Vaults:5 | Reached XP level 24. HP: 93/247 MP: 22/32
 73343 | Vaults:5 | Identified a +0 pair of boots of running (Okawaru gifted it to you on level 5 of the Vaults)
 73549 | Vaults:5 | Noticed an ancient lich
 74105 | Vaults:5 | Reached skill level 27 in Fighting
 74586 | Vaults:5 | Received a gift from Okawaru
 74727 | Vaults:5 | Got a silver rune of Zot
 74824 | Vaults:5 | Killed an ancient lich
 75297 | Vaults:5 | Got a fine iron ring
 75355 | Vaults:5 | Reached skill level 15 in Earth Magic
 75395 | Vaults:5 | Identified Ityonet's Incunabulum of Supportive Transformation
 75538 | Vaults:5 | Found Qurr's General Store.
 75544 | Vaults:5 | Identified the ring of Okawaru's Castigation {Fire rElec MR++ MP+9 Dex-2} (You took it off an ogre mage on level 5 of the Vaults)
 75550 | Vaults:5 | Got a twitching iron amulet
 75552 | Vaults:5 | Identified the amulet of Noon {Inacc rElec rF- Str+2 Stlth+} (You found it on level 5 of the Vaults)
 75686 | Vaults:5 | Identified a +4 rod of shadows (13/13) (You took it off a vault sentinel on level 5 of the Vaults)
 75746 | Vaults:5 | Gained mutation: You occasionally shout uncontrollably at your foes. [a shining eye]
 75803 | Vaults:5 | Got a crude sapphire amulet
 75805 | Vaults:5 | Identified the amulet of the City {Spirit rPois Dex+5 SInv} (You took it off a yaktaur on level 5 of the Vaults)
 76508 | Crypt:1  | Entered Level 1 of the Crypt
 76579 | Crypt:1  | Received a gift from Okawaru
 76714 | Crypt:1  | Reached XP level 25. HP: 257/257 MP: 32/32
 77546 | Crypt:2  | Noticed Boris
 77569 | Crypt:2  | Killed Boris
 78030 | Crypt:2  | Found a basalt altar of Yredelemnul.
 78052 | Crypt:2  | Received a gift from Okawaru
 78293 | Crypt:2  | Noticed Donald
 78305 | Crypt:2  | Killed Donald
 78366 | Crypt:2  | Received a gift from Okawaru
 78691 | Crypt:3  | Entered Level 3 of the Crypt
 78797 | Crypt:3  | Found a basalt altar of Yredelemnul.
 79016 | Crypt:3  | Received a gift from Okawaru
 79423 | Crypt:3  | Got a warped large shield
 79433 | Crypt:3  | Identified the cursed +0 large shield "Yllosirgh" {rPois SInv} (You found it on level 3 of the Crypt)
 79678 | Crypt:3  | Found a staircase to the Tomb.
 79678 | Crypt:3  | Noticed Khufu
 79697 | Crypt:3  | Killed Khufu
 81417 | Depths:2 | Found a radiant altar of Vehumet.
 81419 | Depths:2 | Found a runed door.
 81434 | Depths:2 | Got an ancient chain mail
 81445 | Depths:2 | Identified the +3 chain mail of Trog's Reproof {rPois} (You found it on level 2 of the Depths)
 81479 | Depths:2 | Reached XP level 26. HP: 223/263 MP: 32/32
 82008 | Depths:5 | Entered Level 5 of the Depths
 82039 | Depths:5 | Received a gift from Okawaru
 82231 | Depths:5 | Received a gift from Okawaru
 83206 | Shoals:2 | Bought a scroll of enchant armour for 120 gold pieces
 84372 | Depths:5 | Got a slimy emerald amulet
 85037 | Depths:5 | Found a gate to the Realm of Zot.
 85815 | Elf:3    | Entered Level 3 of the Elven Halls
 85872 | Elf:3    | Identified the amulet "Pogigusown" {Clar rN+ MR+} (You took it off a yaktaur on level 5 of the Depths)
 85913 | Elf:3    | Noticed Wiglaf
 85928 | Elf:3    | Killed Wiglaf
 86000 | Elf:3    | Noticed Mara
 86008 | Elf:3    | Noticed septik's illusion
 86017 | Elf:3    | Killed Mara
 86277 | Elf:3    | Received a gift from Okawaru
 86303 | Elf:3    | HP: 6/263 [deep elf master archer/arrow of frost (12)]
 86304 | Elf:3    | Slain by a sixfirhy

Vault maps used:
D:1:      dpeg_arrival_connections
D:2:      overflow_temple_1_default, nicolae_ru_the_path_less_chosen,
          uniq_terence
D:3:      first_bread, uniq_robin
D:5:      grunt_temple_overflow_diamond, serial_shops, shop,
          grunt_dithmenos_smoke_and_mirrors
D:6:      nicolae_overflow_crystal_walls, minmay_temple_entry_purple_smoke
D:7:      trog_ov_bears_minmay, uniq_prince_ribbit1, uniq_crazy_yiuf_cottage
D:8:      hangedman_little_slice_of_home
D:9:      special_room
D:10:     minmay_lair_entry_lava
D:11:     cheibrodos_lost_city_excavation
D:13:     enter_trove_5, serial_shops, shop, st_stairs_5, zaba_anthell
D:14:     david_vaults_5, nicolae_two_hexagons, lemuel_flamethrower_1
D:15:     grunt_enter_depths_magical_seal, serial_shops, shop, elyvilon_altar_4,
          uniq_josephine
Temple:   chambers_temple_12
Lair:1:   uniq_erica, uniq_grum, uniq_nergalle
Lair:2:   beast_lair_carwin_2, lemuel_fruit_fields
Lair:3:   minmay_snake_entry_spellcaster
Lair:4:   beast_lair_carwin_3
Lair:5:   shoals_dummy_entry, portal_ice_cave_entry_imps, dpeg_oklob_1,
          grunt_megastairs_3, serial_bayou_shore_a
Lair:6:   slime_altar_2, minmay_lair_drake_nest
Lair:7:   lemuel_fruit_fields, lemuel_fruit_tree
Lair:8:   due_jungle_book, st_stairs_4, uniq_snorg
Shoals:1: serial_shops, shop
Shoals:2: serial_shops, nicolae_shop_waterfront, shop_coins, shop, shop, shop
Shoals:3: serial_shops, shop_statue, uniq_ilsuiw, uniq_polyphemus
Shoals:4: shoals_end_grunt_garden, shoal_ilsuiw
Snake:2:  minmay_snake_pond, basic_stair_grate_trap
Snake:3:  uniq_kirke
Snake:4:  grunt_snake_rune_serpentine_throne, grunt_megastairs_2, uniq_louise
Slime:1:  cheibrodos_slime_lost_civilization_3, nicolae_slime_barrier
Orc:1:    cheibrodos_orc_bank, nicolae_orc_pool_cavern
Orc:2:    uniq_maurice
Orc:3:    uniq_nessos
Orc:4:    st_orc_open
Elf:1:    serial_shops, nicolae_shop_statue_plus, shop, minivault_28
Elf:2:    basic_altar, serial_shops, nicolae_shop_overgrown_old_shop
Elf:3:    minmay_elf_hall_x, serial_shops, nicolae_shop_statue_plus,
          uniq_wiglaf, uniq_mara
Vaults:1: hangedman_vaults_stream, vaults_room_large_hall,
          nicolae_vaults_little_squares_5, grunt_vaults_bifocal,
          v_alt_pattern_2, v_misc_19, vaults_room_stairs_pillars,
          ontoclasm_vaults_gateway, ontoclasm_vaults_shuriken, v_misc_10,
          nicolae_vaults_little_squares_4, ontoclasm_vaults_twist,
          vaults_room_stairs_pillars, serial_shops, shop
Vaults:2: st_eye, hangedman_vaults_pinch, v_misc_3, vaults_room_hallway,
          vaults_dpeg_encased_lava, grunt_vaults_hallway_short,
          vaults_dpeg_diagonal, vaults_room_pools, vaults_room_hallway,
          serial_shops, nicolae_shop_crystal, uniq_aizul
Vaults:3: dpeg_vaults_monster_box, vaults_dpeg_doors, v_misc_14,
          minmay_crypt_entry_simple_box, st_lines, v_pattern_4,
          nicolae_vaults_alarming, hangedman_vaults_nodes,
          nicolae_vaults_little_ls, ontoclasm_vaults_ring_small,
          vaults_mumra_lcd, ontoclasm_vaults_decontamination,
          vaults_room_semicircle, uniq_nikola
Vaults:4: v_pattern_2, nicolae_vaults_three_branches, vaults_room_door_hall,
          hangedman_vaults_locks, nicolae_vaults_diagonal_hallway_9, v_rooms_3,
          nicolae_vaults_big_ls, v_alt_pattern_4, vaults_dpeg_cross,
          grunt_vaults_hallway_short, vaults_room_stairs_pillars
Vaults:5: serial_shops
Crypt:2:  gammafunk_crypt_yreds_forest, uniq_boris, uniq_donald
Crypt:3:  grunt_crypt_end_deaths_head
Depths:1: cheibriados_altar_1, grunt_hell_entry_demonic_statue,
          kennysheep_generic_room_15, uniq_asterion
Depths:2: evilmike_halls_of_destruction, pf_dread_powers_of_hell,
          abandoned_shop, minmay_misc_feat_rugged, basic_stair_grate_trap,
          kennysheep_random_hallway, infiniplex_staircase_split_hallway
Depths:3: forest_paths, enter_ziggurat_b, rand_demon_pan_entry_9, hell_entry,
          hangedman_decor_peaks_small, kennysheep_treasure_room
Depths:4: grunt_crosshair, abyss_entry, hell_entry, pan_entry,
          hangedman_decor_growths, grunt_ministairs_11, st_stairs_4,
          hangedman_decor_points, infiniplex_staircase_squiggle
Depths:5: grunt_zot_entry_gee_three, nrook_mini_backslash, hell_entry

Action                   |  1- 3 |  4- 6 |  7- 9 | 10-12 | 13-15 | 16-18 | 19-21 | 22-24 | 25-27 || total
-------------------------+-------+-------+-------+-------+-------+-------+-------+-------+-------++-------
Melee: Quarterstaff      |    49 |   121 |   270 |   766 |  1942 |   722 |       |       |       ||  3870
       Dire flail        |       |       |    55 |       |       |   467 |   288 |       |       ||   810
       Lajatang          |       |       |       |       |       |   493 |  1356 |  2075 |  1558 ||  5482
       Demon whip        |       |       |       |       |       |       |     5 |       |       ||     5
 Fire: Longbow           |       |       |       |       |       |    22 |       |       |       ||    22
Throw: Throwing net      |       |     3 |     1 |       |       |     1 |       |       |       ||     5
       Stone             |       |       |    12 |    14 |       |       |       |       |       ||    26
       Tomahawk          |       |       |       |       |    12 |     3 |       |       |       ||    15
Invok: Heroism           |       |       |       |     7 |    18 |    12 |    22 |    29 |     8 ||    96
       Finesse           |       |       |       |       |       |       |     1 |       |       ||     1
 Abil: Evoke Berserk Rag |       |       |     1 |     6 |       |       |     1 |       |       ||     8
Evoke: Wand              |       |       |       |       |     1 |       |       |       |     2 ||     3
  Use: Scroll            |     1 |       |    19 |     4 |    16 |    16 |    11 |    15 |     8 ||    90
       Potion            |       |       |     1 |     1 |     7 |     5 |     3 |    10 |     1 ||    28
 Stab: Confused          |       |       |     1 |       |       |       |       |       |       ||     1
       Paralysed         |       |       |       |     5 |       |       |       |       |       ||     5
       Petrifying        |       |       |       |     3 |       |       |       |       |       ||     3
       Sleeping          |       |       |       |       |       |     3 |       |       |       ||     3
       Distracted        |       |       |       |       |       |     2 |     5 |       |     3 ||    10
       Held in net/web   |       |       |       |       |       |     1 |       |       |       ||     1
  Eat: Chunk             |     1 |     8 |    12 |    23 |    51 |    33 |    32 |    45 |    27 ||   232
       Bread ration      |       |       |     1 |     1 |       |     6 |     2 |     4 |     1 ||    15
       Royal jelly       |       |       |       |       |     2 |     1 |     2 |       |     6 ||    11
       Pizza             |       |       |       |       |       |       |       |     1 |       ||     1
